 Seeded DCSS version 0.30.1-9-gdf580d7c3d (webtiles) character file.

Game seed: 6351066067085065685 (custom seed)

1267 Esekla the Thaumaturge (level 8, 0/41 HPs)
             Began as a Deep Elf Wanderer on Sept 25, 2023.
             Was a Believer of Vehumet.
             Slain by a lemure (6 damage)
             ... led by Pikel
             ... on level 6 of the Dungeon.
             The game lasted 00:29:48 (5196 turns).

Esekla the Thaumaturge (Deep Elf Wanderer)          Turns: 5196, Time: 00:29:48

Health: 0/41       AC:  4    Str: 11    XL:     8   Next: 28%
Magic:  16/23      EV:  9    Int: 21    God:    Vehumet [**....]
Gold:   344        SH:  4    Dex: 14    Spells: 10/25 levels left

rFire   . . .        s - +5 rapier of the Hero {heavy, rN+ Dex+3}
rCold   . . .        d - +0 buckler
rNeg    + . .        c - +0 robe
rPois   .            m - +0 helmet
rElec   .            (no cloak)
rCorr   .            l - +0 pair of gloves
SInv    .            (no boots)
Will    .....        z - amulet of magic regeneration
Stlth   ++           (no ring)
HPRegen 0.26/turn    (no ring)
MPRegen 0.58/turn

%: no passive effects
@: grasped by roots, constricted
A: no striking features
a: Renounce Religion


You were on level 6 of the Dungeon.
You worshipped Vehumet.
Vehumet was pleased with you.
You visited 1 branch of the dungeon, and saw 6 of its levels.

You collected 344 gold pieces.

Inventory:

Hand Weapons
 a - a +2 vampiric dagger
 r - a +0 trident
 s - the +5 rapier of the Hero (weapon) {heavy, rN+ Dex+3}
   (You found it on level 3 of the Dungeon)

   Dex:       It affects your dexterity (+3).
   rN:        It protects you from negative energy.
Missiles
 t - 22 poisoned darts (quivered)
Armour
 c - a +0 robe (worn)
 d - a +0 buckler (worn)
 l - a +0 pair of gloves (worn)
 m - a +0 helmet (worn)
Jewellery
 z - an amulet of magic regeneration (around neck)
Wands
 i - a wand of roots (16)
 C - a wand of flame (15)
Scrolls
 g - 6 scrolls of identify {unknown}
 o - a scroll of immolation {unknown}
 p - 2 scrolls of blinking {unknown}
 u - 2 scrolls of fog {unknown}
 v - 2 scrolls of amnesia {unknown}
 w - a scroll of enchant armour {unknown}
 x - a scroll of silence {unknown}
 y - a scroll of magic mapping {unknown}
 A - 2 scrolls of fear
 B - 3 scrolls of enchant weapon {unknown}
 D - a scroll of summoning {unknown}
 E - a scroll of teleportation {unknown}
Potions
 b - 2 potions of lignification
 e - 2 potions of ambrosia {unknown}
 f - 3 potions of attraction {unknown}
 h - 2 potions of heal wounds {unknown}
 j - 5 potions of curing
 k - a potion of haste {unknown}
 n - a potion of mutation {unknown}
 q - 3 potions of brilliance {unknown}


   Skills:
 + Level 2.1 Short Blades
 + Level 0.1 Throwing
 * Level 3.7 Dodging
 + Level 2.4 Stealth
 + Level 1.8 Shields
 * Level 9.0 Spellcasting
 + Level 1.1 Conjurations
 * Level 5.1 Necromancy
 + Level 3.1 Translocations
 * Level 2.2 Transmutations
 * Level 1.7 Fire Magic
 * Level 1.5 Air Magic
 * Level 1.5 Poison Magic
 + Level 1.0 Invocations


You had 10 spell levels left.
You knew the following spells:

 Your Spells              Type           Power      Damage    Failure   Level
a - Magic Dart            Conj           56%        1d5       7%          1
b - Blink                 Tloc           44%        N/A       4%          2
d - Vampiric Draining     Necr           31%        2d8       3%          3
n - Ignite Poison         Fire/Tmut/Pois 17%        N/A       14%         3
p - Apportation           Tloc           44%        N/A       3%          1
t - Teleport Other        Tloc           22%        N/A       9%          3
v - Poisonous Vapours     Pois/Air       30%        N/A       9%          2

Your spell library contained the following spells:

 Spells                   Type           Power      Damage    Failure   Level
 Volatile Blastmotes      Fire/Tloc      38%        2d13      12%         3
 Lesser Beckoning         Tloc           44%        N/A       4%          2
 Gell's Gravitas          Tloc           22%        N/A       9%          3
 Spider Form              Tmut/Pois      17%        N/A       14%         3
 Cause Fear               Hex            4%         N/A       71%         4
 Summon Mana Viper        Hex/Summ       9%         N/A       96%         5


Dungeon Overview and Level Annotations

Branches:
Dungeon (6/15)             Temple (0/1) D:6

Altars:
Dithmenos
Hepliaklqana
Okawaru
Qazlal
Trog
Vehumet
Zin
The Shining One

Shops:
D:2 =   D:4 (

Annotations:
D:2 black bear
D:6 Pikel


Message History

A lemure comes into view.
The lemure shouts! x2; You hear a shout!
A lemure comes into view.
Pikel shouts!
The lemure attacks as you move away! The lemure hits you!
Casting: Vampiric Draining (dangerous; 3% risk of failure)
Confirm with . or Enter, or press ? or * to list all spells.
Aiming: Poisonous Vapours (safe; 9% risk of failure)
Press: ? - help, Dir - move target, f - Pikel
Aim: Pikel, wielding a +1 whip of flaming, wearing a +0 robe and carrying a wand of roots (7) Poisonous vapours surround Pikel!
Pikel is poisoned.
Casting: Poisonous Vapours (safe; 9% risk of failure)
Confirm with . or Enter, or press ? or * to list all spells.
Aiming: Poisonous Vapours (safe; 9% risk of failure)
Press: ? - help, Dir - move target, f/p - Pikel
Aim: Pikel, wielding a +1 whip of flaming, wearing a +0 robe and carrying a wand of roots (7) (lightly wounded, poisoned) Poisonous vapours surround Pikel!
Pikel looks even sicker.
Casting: Poisonous Vapours (safe; 9% risk of failure)
Confirm with . or Enter, or press ? or * to list all spells.
You ignite the poison in your surroundings!
Pikel seems to burn from within!!
Pikel is heavily wounded.
Pikel hits you with a +1 whip of flaming!
Pikel burns you.
A lemure comes into view.
Casting: Ignite Poison (dangerous; 14% risk of failure)
Confirm with . or Enter, or press ? or * to list all spells.
Aiming: Vampiric Draining (dangerous; 3% risk of failure)
Press: ? - help, Shift-Dir - straight line, f/p - Pikel
Aim: Pikel, wielding a +1 whip of flaming, wearing a +0 robe and carrying a wand of roots (7) (heavily wounded)
You draw life force from Pikel!
You feel life coursing into your body.
Pikel zaps a wand.
The roots erupt in riotous growth!
The grasping roots grab you!
Pikel is unaffected.
The grasping roots constrict you.
The roots grasp on you weakens, but your attempt to escape fails.
Pikel hits you with a +1 whip of flaming!
Pikel burns you. The grasping roots constrict you!
* * * LOW HITPOINT WARNING * * *
The lemure hits you.
You die...

#.# #[.##. # #.######..#..
.#######...........#
#........####.#.....
..##.........#...... ##.5
#......###....# ###### #..#
##...##.#.###.# .....#####.#
#5#####..####.####.# ####........
#5K@.....# #......#
#...........#5#####.# ########
#.#.#.#.#.#...# ##.## #
#(..........### #...##########
#.#[......#.# #...##.>....#.
###...........# #........##.#.
....#...>...#.######...##.#..#.#.
.....[........##............#..).
....#.......#..............###.#.


You could see Pikel and 3 lemures.

Vanquished Creatures
  An ice beast (D:6)
  A sky beast (D:6)
  A black bear (D:2)
  An ogre (D:5)
  Blork the orc (D:6)
  A kobold brigand (D:6)
  2 scorpions (D:5)
  A gnoll bouda (D:3)
  5 hounds
  A sleepcap (D:5)
  5 iguanas
  12 gnolls
  9 adders
  3 white imps
  An ufetubus (D:6)
  A worm (D:4)
  3 dart slugs
  10 orcs
  6 ball pythons
  4 endoplasms
  8 goblins
  5 hobgoblins
  A quokka (D:1)
  4 bats
  4 frilled lizards
  12 kobolds
  A rat (D:2)
104 creatures vanquished.

Notes
Turn   | Place    | Note
-------+----------+-------------------------------------------
     0 | D:1      | Esekla the Deep Elf Wanderer began the quest for the Orb.
     0 | D:1      | Esekla set off with the following items: a +0 club, a
                  | potion of lignification, a +0 robe, a +0 buckler; and the
                  | following spells available to memorise: Apportation, Blink,
                  | Lesser Beckoning, Magic Dart, Ignite Poison, Vampiric
                  | Draining.
     0 | D:1      | Reached XP level 1. HP: 10/10 MP: 7/7
     2 | D:1      | Learned a level 1 spell: Magic Dart
     4 | D:1      | Learned a level 1 spell: Apportation
   249 | D:2      | Found Renulab's Jewellery Shop.
   681 | D:4      | Found a radiant altar of Vehumet.
   690 | D:4      | Found an iron altar of Okawaru.
   701 | D:4      | Found a glowing silver altar of Zin.
   786 | D:4      | Became a worshipper of Vehumet
   837 | D:3      | Reached XP level 2. HP: 15/15 MP: 6/9
   840 | D:3      | Learned a level 2 spell: Blink
   956 | D:3      | Identified the +5 rapier of the Hero {heavy, rN+ Dex+3}
  1024 | D:2      | Reached skill level 5 in Spellcasting
  1111 | D:1      | Reached XP level 3. HP: 18/19 MP: 11/11
  1444 | D:1      | Learned a level 3 spell: Teleport Other
  1448 | D:1      | Learned a level 3 spell: Vampiric Draining
  1485 | D:2      | Found a faded altar of an unknown god.
  1516 | D:2      | Reached skill level 1 in Dodging
  1516 | D:2      | Reached skill level 1 in Necromancy
  1516 | D:2      | Reached XP level 4. HP: 10/24 MP: 3/13
  1579 | D:2      | Noticed a black bear
  1620 | D:2      | Reached * piety under Vehumet
  1620 | D:2      | Offered knowledge of Sandblast by Vehumet.
  1621 | D:2      | Reached skill level 6 in Spellcasting
  1867 | D:3      | Found a stormy altar of Qazlal.
  1884 | D:3      | Reached XP level 5. HP: 15/28 MP: 3/15
  1948 | D:3      | Found a hazy altar of Hepliaklqana.
  1950 | D:3      | Found a bloodstained altar of Trog.
  2128 | D:4      | Found a glowing golden altar of the Shining One.
  2238 | D:3      | Reached skill level 1 in Short Blades
  2300 | D:3      | Reached skill level 1 in Conjurations
  2512 | D:5      | Entered Level 5 of the Dungeon
  2515 | D:5      | Got the Parchment of the Lumpy Olives
  2533 | D:5      | Found a shadowy altar of Dithmenos.
  2598 | D:5      | Reached XP level 6. HP: 10/32 MP: 6/17
  2777 | D:5      | Reached skill level 7 in Spellcasting
  2951 | D:5      | Reached XP level 7. HP: 19/36 MP: 16/20
  3144 | D:5      | Reached ** piety under Vehumet
  3300 | D:5      | Offered knowledge of Poisonous Vapours by Vehumet.
  3304 | D:5      | Learned a level 2 spell: Poisonous Vapours
  3308 | D:5      | Learned a level 3 spell: Ignite Poison
  3437 | D:5      | Reached skill level 8 in Spellcasting
  3662 | D:4      | Found Ponaysk's Antique Weapon Boutique.
  4105 | D:2      | Reached skill level 1 in Fire Magic
  4255 | D:2      | Reached skill level 1 in Air Magic
  4737 | D:6      | Reached skill level 1 in Transmutations
  4737 | D:6      | Reached skill level 1 in Poison Magic
  4836 | D:6      | Reached XP level 8. HP: 31/41 MP: 7/22
  4913 | D:6      | Found a staircase to the Ecumenical Temple.
  5050 | D:6      | Noticed Blork the orc
  5060 | D:6      | Killed Blork the orc
  5060 | D:6      | Offered knowledge of Volatile Blastmotes by Vehumet.
  5061 | D:6      | Reached skill level 5 in Necromancy
  5169 | D:6      | Reached skill level 9 in Spellcasting
  5187 | D:6      | Noticed Pikel
  5196 | D:6      | Slain by a lemure

Illustrated notes

Levels and vault maps discovered:
D:1:      sevenhm_arrival_forest_fort_small_3, layout_rooms,
          chequers_serial_rivers_room_b, minmay_misc_feat_five
D:2:      layout_loops_ring, dreamdust_ecumenical_altar_angels_and_demons,
          serial_shops, shop
D:3:      layout_basic, grunt_temple_overflow_open, minmay_misc_feat_iff
D:4:      layout_basic, nicolae_overflow_quartered_altars, serial_shops,
          nicolae_diamond_shop
D:5:      layout_loops_ring, lemuel_doored_altar, minmay_misc_feat_rows,
          dreamdust_wishing_well
D:6:      layout_loops_cross, fedhas_altar_fruit_tree,
          minmay_temple_entry_glass, uniq_pikel, uniq_blork_the_orc

Skill      XL: |  1  2  3  4  5  6  7  8 |
---------------+-------------------------+-----
Spellcasting   | 5 6 7 8 9 |  9.0
Dodging        | 1 2 3 |  3.7
Necromancy     | 1 2 3 4 5 |  5.1
Stealth        | 2 |  2.4
Short Blades   | 1 2 |  2.1
Conjurations   | 1 |  1.1
Translocations | 3 |  3.1
Fire Magic     | 1 |  1.7
Air Magic      | 1 |  1.5
Transmutations | 2 |  2.2
Poison Magic   | 1 |  1.5
Throwing       | |  0.1
Shields        | |  1.8
Invocations    | |  1.0

Action                     |  1- 3 |  4- 6 |  7- 9 || total
---------------------------+-------+-------+-------++-------
  Melee: Short sword       |    22 |       |       ||    22
         Rapier            |    27 |    41 |    70 ||   138
         Dagger            |       |    34 |     1 ||    35
  Throw: Dart              |     4 |     6 |       ||    10
   Cast: Apportation       |    22 |    14 |    15 ||    51
         Magic Dart        |    19 |    14 |     9 ||    42
         Vampiric Draining |     3 |    24 |    24 ||    51
         Blink             |     1 |       |       ||     1
         Poisonous Vapours |       |       |    21 ||    21
         Ignite Poison     |       |       |     4 ||     4
    Use: Scroll            |     1 |       |       ||     1
         Potion            |       |       |     1 ||     1
   Stab: Sleeping          |     4 |     3 |     7 ||    14
 Armour: Robe              |    19 |    18 |    22 ||    59
  Dodge: Dodged            |    33 |    74 |    56 ||   163
  Block: Buckler           |    13 |    18 |    21 ||    52
